[Event "Italian-ch Teams-B 2022"]
[Site "Montesilvano"]
[Date "2022.04.23"]
[Round "7.1"]
[White "Formento, Paolo"]
[Black "Rombaldoni, Denis"]
[Result "0-1"]
[ECO "E95"]
[WhiteElo "2336"]
[BlackElo "2485"]
[Annotator "TA"]
[PlyCount "102"]
[EventDate "2022.04.19"]
[EventType "team-tourn"]
[EventCountry "ITA"]
[SourceTitle "playchess.com"]
[Source "ChessBase"]
[SourceQuality "1"]
[TimeControl "40/5400+30:1800+30"]

1. d4 Nf6 2. c4 d6 3. Nf3 Nbd7 4. Nc3 e5 5. e4 g6 6. Be2 Bg7 7. O-O O-O 8. Re1 Re8 9. Bf1 exd4 10. Nxd4 Nc5 {[%emt 0:00:04] 10...c6 is the fancy move.} 11. f3 a5 12. Ndb5 {[%emt 0:03:16] E95: King's Indian: Classical: 7...Nbd7 8 Re1.} Bd7 13. Be3 h5 14. Qd2 {[%emt 0:13:01] White is better.} Ne6 {[%emt 0:02:12] [#]} 15. Rac1 $146 ({Predecessor:} 15. g3 Bc6 16. Bg2 Nd7 17. f4 Nec5 18. Bf2 b6 19. Rad1 Qb8 20. Nd5 Bxb5 21. cxb5 {½-½ (58) Jankovskis,G (2325)-Boehle,L (2345) Wuerzburg 1993}) 15... Qb8 16. h3 Bc6 17. Nd5 Qd8 18. Ndxc7 $2 Nxc7 $17 19. Bb6 (19. Nxd6 $17 Re7 20. c5) 19... Bxb5 $19 20. cxb5 Re7 21. Rc2 Nfe8 22. a4 (22. Bc4 $142) 22... Qd7 23. Bc4 Ne6 ({Black should play} 23... d5 $19 24. Bb3 dxe4 25. Rxe4 Ne6 26. Bxe6 fxe6 27. Qxd7 Rxd7 28. Rxe6 Kf7) 24. Bxa5 (24. b3 $17) 24... Bd4+ 25. Kf1 N8g7 (25... Be5 $19 {...Nd4 is the strong threat.} 26. b4 N8g7) 26. h4 (26. b3 $17) 26... b6 27. Bb4 Rxa4 28. b3 Ra7 29. Rd1 Re8 30. g3 Qe7 31. Bd5 Rd8 32. Rc6 (32. f4 $142) 32... Rc7 (32... Kh7 $19 33. Kg2 f5 34. Bxe6 Nxe6 35. exf5 gxf5) 33. Rdc1 (33. f4 $17 {was necessary.}) 33... Rxc6 34. bxc6 b5 35. c7 Rc8 36. Ba5 Qf6 37. f4 {[%emt 0:01:16] [#] Threatens to win with Bb7.} Ne8 $1 38. Bb7 Rxc7 39. Bxc7 N8xc7 ({And not} 39... N6xc7 40. Kg2 $17) 40. b4 Bb6 41. Kg2 (41. Rd1 $142) 41... Nd4 42. Qa2 (42. f5 $142) 42... Kg7 43. Bd5 $2 (43. Rf1) 43... Qe7 44. Rd1 $2 (44. Rc3) 44... Kg8 (44... Nxd5 $142 45. Qxd5 Nc2) 45. Rd2 Qd7 46. Qa1 $2 (46. Bb3) 46... Nxd5 47. Qa8+ {[%emt 0:00:15] [#]} Kg7 $1 48. Qxd5 Qg4 {[%emt 0:00:05] ( -> ...Qf3+)} 49. Rf2 {[%emt 0:02:22] Inhibits Qf3+.} Ne2 50. Rf3 Ng1 51. Rd3 Qh3# {[%emt 0:00:15] Weighted Error Value: White=0.73/Black=0.35} 0-1

[Event "Italian-ch Teams-B 2022"]
[Site "Montesilvano"]
[Date "2022.04.23"]
[Round "7.1"]
[White "Podetti, Davide"]
[Black "Mastrovasilis, Dimitrios"]
[Result "0-1"]
[ECO "B13"]
[WhiteElo "2223"]
[BlackElo "2618"]
[Annotator "TA"]
[PlyCount "46"]
[EventDate "2022.04.19"]
[EventType "team-tourn"]
[EventCountry "ITA"]
[SourceTitle "playchess.com"]
[Source "ChessBase"]
[SourceQuality "1"]
[TimeControl "40/5400+30:1800+30"]

1. e4 c6 2. d4 d5 3. exd5 cxd5 4. Bd3 Nc6 5. c3 Qc7 6. Ne2 Bg4 7. O-O {[%emt 0:03:09] B13: Caro-Kann: Exchange Variation and Panov-Botvinnik Attack.} e6 8. Qe1 Nf6 $1 {[%emt 0:00:38][%mdl 4] outshines the older 8...Bxe2.} 9. f3 {[%emt 0:07:51] The position is equal.} Bh5 $1 10. Qh4 {[%emt 0:01:02] aiming for Nf4.} Bg6 11. Bxg6 fxg6 12. Nf4 {[%emt 0:00:56][%cal Of4g6] Strongly threatening Nxg6!} (12. Re1 $5 ) 12... Kf7 13. Re1 e5 14. Nd3 {[%emt 0:20:14][%cal Rd4e5] [#]} ({But not} 14. Nxg6 Kxg6 15. Qg3+ (15. dxe5 Nxe5 16. Qg3+ Kf7 $17) 15... Kf7 16. dxe5 Qb6+ 17. Be3 {[#]} Bc5 $1 18. Bxc5 Qxc5+ 19. Kh1 Nh5 20. e6+ Kg8 $17) 14... Re8 $146 ({Predecessor:} 14... Bd6 15. dxe5 Nxe5 16. Nxe5+ Bxe5 17. Be3 Rhe8 18. Nd2 Re7 19. Bd4 Rae8 20. Bxe5 Rxe5 21. Rxe5 Qxe5 {0-1 (56) Zierk,S (2499)-Grabinsky,A (2461) Chess.com INT 2020}) 15. Be3 Bd6 16. dxe5 $2 {[%emt 0:06:49][%mdl 8192] [#] This move loses the game for White.} (16. Na3 $11 a6 17. Nc2) 16... Nxe5 $19 17. Qd4 Nxd3 18. Qxd3 Bxh2+ 19. Kf1 Bg3 ({Inferior is} 19... Qg3 20. Nd2 $17) 20. Bf2 Bxf2 21. Kxf2 Rxe1 22. Kxe1 Re8+ 23. Kf1 $2 (23. Kd1) 23... Qh2 {[%emt 0:01:00] Weighted Error Value: White=0.71/Black=0.02 (flawless)} 0-1

[Event "Italian-ch Teams-B 2022"]
[Site "Montesilvano"]
[Date "2022.04.23"]
[Round "7.2"]
[White "David, Alberto"]
[Black "Trabattoni, Franco"]
[Result "1/2-1/2"]
[ECO "B38"]
[WhiteElo "2545"]
[BlackElo "2230"]
[Annotator "TA"]
[PlyCount "61"]
[EventDate "2022.04.19"]
[EventType "team-tourn"]
[EventCountry "ITA"]
[SourceTitle "playchess.com"]
[Source "ChessBase"]
[SourceQuality "1"]
[TimeControl "40/5400+30:1800+30"]

1. e4 c5 2. Nf3 g6 3. c4 Bg7 4. d4 cxd4 5. Nxd4 Nc6 6. Be3 Nf6 7. Nc3 d6 8. Be2 O-O 9. O-O Bd7 10. Qd2 Nxd4 11. Bxd4 Bc6 12. f3 a5 13. b3 Nd7 14. Be3 Nc5 15. Rab1 Be5 {[%emt 0:00:00] 15...e6 gains popularity. B38: Sicilian: Maroczy Bind with 5...Bg7 and 7...0-0.} 16. Rfc1 e6 17. Bg5 Qb6 {[%emt 0:00:00][%csl LRb3,LRe4] [#] And now ...Nxe4+ would win.} 18. Kh1 {[%emt 0:00:32] [#]} Qb4 $146 ({Predecessor:} 18... f5 19. exf5 Rxf5 20. Be3 Raf8 21. Rf1 Qd8 22. f4 Bg7 23. Bf3 Qh4 24. Bxc6 bxc6 {0-1 (38) Li,D (2535)-Zou,C (2415) Xingtai 2019}) 19. Qe1 Rfe8 (19... a4 $5 ) 20. Bd2 {[%emt 0:06:36] Nb5 is the strong threat.} Qb6 21. Be3 Qb4 22. Bd2 {[%emt 0:06:11] [#] Black must now prevent Nb5.} Qb6 23. Rd1 Qd8 24. Be3 Qf6 25. Nb5 Bxb5 26. cxb5 b6 27. Qf2 {[%emt 0:09:23] Black should prevent f4.} Bf4 {[%emt 0:00:00] The position is equal.} 28. Bd4 Be5 29. Be3 Bf4 30. Bd4 Be5 31. Be3 {[%emt 0:03:36] Weighted Error Value: White=0.12 (very precise) /Black=0.05 (flawless)} 1/2-1/2

[Event "Italian-ch Teams-B 2022"]
[Site "Montesilvano"]
[Date "2022.04.23"]
[Round "7.2"]
[White "Shytaj, Luca"]
[Black "Loiacono, Leonardo"]
[Result "1/2-1/2"]
[ECO "C41"]
[WhiteElo "2460"]
[BlackElo "2284"]
[Annotator "TA"]
[PlyCount "139"]
[EventDate "2022.04.19"]
[EventType "team-tourn"]
[EventCountry "ITA"]
[SourceTitle "playchess.com"]
[Source "ChessBase"]
[SourceQuality "1"]
[TimeControl "40/5400+30:1800+30"]

1. e4 e5 2. Nc3 Nf6 3. d4 d6 4. Nf3 Nbd7 5. Bc4 Be7 6. O-O O-O 7. a4 $1 {[%emt 0:01:53][%mdl 4] now scores much better than the old 7.Re1.} c6 8. Ba2 b6 9. h3 {[%emt 0:05:55] C41: Philidor Defence.} Bb7 {[%emt 0:00:33] [#]} 10. Qd3 $146 ({Predecessor:} 10. Re1 Qc7 11. Nh4 Rfe8 12. Nf5 Bf8 13. dxe5 dxe5 14. Qf3 Rad8 15. Bg5 g6 16. Ne3 Be7 17. Ng4 Nxg4 18. Qxf7+ Kh8 19. Bxe7 Rf8 20. Bxf8 Rxf8 21. Qe7 Ngf6 22. Rad1 Re8 23. Qd6 Qd8 {1-0 (23) Fedorchuk,S (2618)-Moussard,J (2426) Paris 2011}) 10... a6 11. Rd1 {[%emt 0:14:59] White is slightly better.} b5 $1 12. axb5 axb5 13. b4 exd4 14. Nxd4 {[%emt 0:06:52] With the idea Nf5.} c5 15. Nf5 cxb4 {[%emt 0:02:48] [#]} 16. Bh6 $2 bxc3 $19 17. Bxg7 Bxe4 18. Bxf6 Bxf5 19. Qg3+ Bg6 20. Bxc3 Bf6 21. Rxd6 {[%emt 0:02:07] Threatens to win with Bxf6.} Bxc3 22. Qxc3 Qe7 23. Qc7 {[%emt 0:06:57] [#]} Rfc8 24. Qxd7 Qxd7 25. Rxd7 Ra4 26. f4 Rxc2 27. f5 Raxa2 (27... Rcxa2 28. Rxa2 Rxa2 29. fxg6 $17) (27... Bxf5 28. Bxf7+ Kf8 29. Rf1 Bxd7 30. Bb3+ Kg7 31. Bxc2 $11) 28. Rxa2 Rxa2 29. fxg6 hxg6 {[%emt 0:00:11][%mdl 4096] Endgame KR-KR} ({Stronger than} 29... fxg6 30. Rb7 $15) 30. Rb7 Rb2 31. Kh2 {[%emt 0:00:57] [#]} Kg7 ({Better is} 31... b4 $1 $17 32. Kg3 b3) 32. Rb6 $2 (32. h4 $15) 32... g5 33. Kg3 f6 (33... f5 $19 {and Black stays clearly on top. And now ...b4 would win.} 34. Kf3 Rb3+ 35. Kf2 f4 36. Rb7+ Kf6) 34. Kf3 $17 Rb3+ 35. Kf2 Kf7 36. Ke2 (36. g3 $17) 36... Kg6 (36... f5 $19 37. Kf2 f4) 37. Kf2 $2 (37. g4 $17) 37... Kf5 $19 38. Rc6 Ke5 {[%emt 0:01:20] Hoping for ...b4.} 39. Rc5+ $2 (39. Rb6 {was worth a try.}) 39... Ke4 40. h4 (40. Rc8 $142 b4 41. Re8+ Kd4 42. Rd8+ Ke4 43. Re8+ Kf4 44. Rf8) 40... gxh4 41. Rh5 f5 {[%emt 0:35:24] ...b4 is the strong threat.} ({Avoid the trap} 41... Rb2+ $2 42. Kg1 $19) 42. Rxh4+ f4 43. Rh8 Rb2+ 44. Kg1 Rc2 (44... b4 $142 45. Re8+ Kd3 46. Rd8+ Ke3 47. Re8+ Kd3 48. Rd8+ Ke4 49. Re8+ Kd3) 45. Rb8 Rc5 46. Kf2 Rf5 47. Rd8 Rd5 48. Rb8 Rc5 49. Rb7 Kd5 $2 (49... Rc2+ $19 50. Kf1 Ke3 51. Re7+ Kd3) 50. Kf3 $11 {[%emt 0:00:00] The position is equal.} Kc6 51. Rf7 b4 52. Rxf4 Kb5 53. Rf8 Kc4 {[%emt 0:02:37] White must now prevent ...b3.} 54. g4 b3 55. Rb8 Rb5 56. Rc8+ Kd3 57. Rd8+ Kc2 {[%emt 0:00:31] ( -> ...b2)} 58. Rc8+ $1 Kb1 59. Kf4 b2 60. g5 Ka2 61. Rc2 Ka3 62. Rxb2 $1 Rxb2 {[%emt 0:00:05] KR-KP} 63. g6 Kb4 64. Kf5 Kc5 65. g7 Rg2 66. Kf6 Kd6 67. Kf7 Rf2+ 68. Ke8 Rg2 69. Kf7 Rxg7+ 70. Kxg7 {[%emt 0:00:04] Black had all chances to win.  Weighted Error Value: White=0.59/Black=0.28 (precise)} 1/2-1/2

[Event "Italian-ch Teams-B 2022"]
[Site "Montesilvano"]
[Date "2022.04.23"]
[Round "7.2"]
[White "Paltrinieri, Nicholas"]
[Black "Carnicelli, Valerio"]
[Result "1/2-1/2"]
[ECO "A03"]
[WhiteElo "2344"]
[BlackElo "2293"]
[Annotator "TA"]
[PlyCount "120"]
[EventDate "2022.04.19"]
[EventType "team-tourn"]
[EventCountry "ITA"]
[SourceTitle "playchess.com"]
[Source "ChessBase"]
[SourceQuality "1"]
[TimeControl "40/5400+30:1800+30"]

1. f4 d5 2. Nf3 Nf6 3. g3 g6 4. Bg2 Bg7 5. d3 O-O 6. O-O b6 7. e4 {[%emt 0:02:22] A03: Bird's Opening with 1...d5.} Bb7 (7... dxe4 $11 8. dxe4 Nxe4) 8. e5 $14 Ne8 9. d4 {[%emt 0:01:12] [#] White is slightly better.} e6 $146 ({Predecessor:} 9... f6 10. Nc3 e6 11. exf6 Qxf6 12. Ne5 Nd6 13. a4 Nf5 14. Nb5 Qe7 15. b3 a6 {0-1 (45) Moeller,H-Zajontz,R GER corr 1990}) 10. Be3 Nc6 11. c3 Ne7 12. g4 Qd7 13. Nbd2 a5 14. Rf2 Ba6 15. Nf1 f5 16. exf6 (16. g5) (16. g5 $16) 16... Nxf6 17. Ne5 Qd6 18. Ng3 Nd7 19. Nxd7 {[%emt 0:08:26] White is more active.} (19. h4) (19. h4 $16) 19... Qxd7 $11 20. h3 Rae8 21. Qc2 Nc8 22. Rd1 Nd6 23. b3 Kh8 24. Kh2 Qc8 25. Qc1 Qd8 26. Bf3 Re7 27. Kg2 Ref7 28. h4 (28. Re1 $11 {remains equal.}) 28... Qxh4 $17 29. Rh1 Qe7 30. Kg1 Kg8 31. Rfh2 Bh8 (31... Bf6 $17 32. Bg2 Qd7) 32. Bd1 (32. Qc2 $15 g5 33. Bg2 gxf4 34. Bxf4) 32... Bd3 33. Bc2 Bxc2 34. Qxc2 (34. Rxc2 $142 c5 35. Qd2) 34... Rg7 $2 (34... e5 $1 $19 {[%cal Re5f4] has better winning chances.} 35. dxe5 Bxe5 $1 ) 35. Rh6 (35. Rxh7 $2 Rxh7 36. Qxg6+ Qg7 37. Qxe6+ Qf7 38. Qxf7+ Rfxf7 $19) (35. a4 $142) 35... a4 36. Kg2 (36. Rxh7 $2 Rxh7 37. Qxg6+ Qg7 38. Qxe6+ Qf7 39. Qxf7+ Rhxf7 $19) 36... Ra8 37. Bf2 (37. Rxh7 $2 Rxh7 38. Qxg6+ Qg7 39. Qxe6+ Qf7 40. Qxf7+ Rxf7 $19) 37... Qe8 38. Nf1 (38. b4 $142) 38... Ne4 {[%emt 0:00:50] White must now prevent ...axb3.} 39. Nd2 axb3 40. axb3 Nxd2 (40... Nxf2 $19 {is more deadly.} 41. Kxf2 Qf7) 41. Qxd2 c6 42. Qe3 Ra2 43. Kf3 ({Better is} 43. Re1 $15) 43... Rf7 44. Re1 Bf6 {[%emt 0:00:00] Threatens to win with ...Bg5.} 45. f5 $2 (45. Kg2 $17) 45... Qf8 $19 (45... gxf5 46. g5 f4 47. Qxe6 Qxe6 48. Rxe6 Bxg5 49. Re8+ Rf8 50. Rxf8+ Kxf8 51. Rxc6 $11) (45... Bg7 $2 46. Rhh1 gxf5 47. g5 $19) 46. Rhh1 exf5 (46... gxf5 47. g5 e5 48. dxe5 $11 (48. gxf6 e4+ 49. Kg2 f4 $17)) 47. g5 {[%emt 0:00:00] [#]} Re7 $2 48. Qf4 $17 {[%emt 0:00:00] [#]} Re4 (48... Bg7 $1 $17 {And now ...Re4 would win.} 49. Rxe7 Qxe7) 49. Qc7 $2 {[%emt 0:00:00][%mdl 8192] [#]} (49. Qh2 $15 Bg7 50. Qxh7+ Kf7 51. Bg3) 49... Qe7 $1 $19 50. Qb8+ (50. Qc8+ Qd8) 50... Qd8 51. Qb7 Qe7 52. Qc8+ $2 (52. Qb8+ $11 {and White is okay.} Qd8 53. Qxd8+ Bxd8 54. Ra1) 52... Qd8 53. Qb7 Re7 $2 54. Rxe7 $11 {[%emt 0:02:32] The board is on fire.} Bxe7 (54... Qxe7 $2 55. Qc8+ Qf8 56. Qxf8+ Kxf8 57. gxf6 $18) 55. Bg3 $1 f4 56. Bxf4 Qf8 {[%emt 0:01:10] Strongly threatening ...h5.} 57. Kg3 Re2 58. Qd7 $2 {[%emt 0:01:56][%mdl 8192] [#]} (58. Qxc6 $11 Qf7 59. Qc8+ (59. c4 $2 Bxg5 60. Kf3 Re4 $19) 59... Bf8 60. Rf1) 58... Qf5 $2 (58... Re4 $1 $19 59. Rh4 h5) 59. Qxf5 gxf5 60. Rh6 Rb2 {[%emt 0:00:38] Weighted Error Value: White=0.42/Black=0.45} 1/2-1/2

[Event "Italian-ch Teams-B 2022"]
[Site "Montesilvano"]
[Date "2022.04.23"]
[Round "7.2"]
[White "Boraso, Alessio"]
[Black "Genocchio, Daniele"]
[Result "1/2-1/2"]
[ECO "C47"]
[WhiteElo "2286"]
[BlackElo "2358"]
[Annotator "TA"]
[PlyCount "120"]
[EventDate "2022.04.19"]
[EventType "team-tourn"]
[EventCountry "ITA"]
[SourceTitle "playchess.com"]
[Source "ChessBase"]
[SourceQuality "1"]
[TimeControl "40/5400+30:1800+30"]

1. e4 e5 2. Nf3 Nc6 3. Nc3 Nf6 4. a3 Be7 5. d4 exd4 6. Nxd4 {[%emt 0:01:17] C47: Scotch Four Knights and Four Knights with 4 g3.} O-O 7. Nxc6 bxc6 8. e5 {[%emt 0:00:41] White has an edge.} Ne8 9. Bd3 f6 10. Qh5 g6 11. Qe2 fxe5 12. Qxe5 {[%emt 0:03:03] [#] aiming for Bc4+.} Nf6 $146 (12... d5 $15) ({Predecessor:} 12... Bf6 13. Qe2 d5 14. O-O Ng7 15. Na4 Qd6 16. c4 Bd7 17. Qc2 Be5 18. h3 Bd4 {½-½ (45) Lubbe,N (2451)-Papadopoulos,I (2415) Achaia 2013}) 13. Bg5 $36 {[%emt 0:12:10][%mdl 2048] White is more active.} Ng4 14. Bxe7 ({Much weaker is} 14. Qxe7 Re8 15. O-O (15. Bc4+ Kh8 $17) 15... Rxe7 $17) 14... Nxe5 15. Bxd8 Rxd8 16. Kd2 $1 Rf8 17. f3 a5 18. h4 d6 19. h5 g5 20. Raf1 h6 21. Be2 Bb7 22. Rf2 Ng4 23. Rff1 Ne5 24. Rhg1 c5 25. Bb5 Rab8 26. Rf2 Kg7 27. Rgf1 Rf4 28. Ke3 Rf7 29. Be2 Bc6 30. b3 Re8 31. Kd2 Ref8 32. Nd1 Rf4 33. Ke3 $2 (33. a4 $15) 33... Re8 $2 (33... Rd4 $19 34. Bd3 a4) 34. Kd2 $15 Ref8 $2 (34... a4 $17 35. Ne3 Bd7) 35. Ke3 $19 d5 $2 (35... Rd4 $19 {[%cal Oe5g4] ( -> ...Ng4+!)} 36. Bd3 a4) 36. Kd2 $15 d4 37. Bd3 $2 (37. Re1 $11 {and White has nothing to worry.}) 37... a4 $2 (37... Nxd3 $19 38. cxd3 Rb8) 38. Re1 Nxd3 39. Kxd3 axb3 40. cxb3 Bb5+ (40... Rb8 $5 41. Re7+ Kf6 42. Rxc7 Rxb3+ 43. Kc4 Ba4 $15) 41. Kd2 g4 42. Re7+ Kf6 $1 43. Re4 Kg7 {[%emt 0:03:58] Strongly threatening ...g3.} (43... Kg5 $5 44. Re5+ Kh4 $15) 44. g3 Rxf3 45. Rxg4+ Kh7 46. Rxf3 Rxf3 $11 {[%emt 0:00:01][%mdl 4096] Endgame KRB-KRN} 47. b4 (47. a4 $1 $11 {and White stays safe.} Be8 48. Re4 Bxh5 49. Re7+ Kg6 50. Rxc7) 47... Rxa3 $19 48. bxc5 Ra2+ 49. Kc1 {[%emt 0:00:15] [#]} d3 {[%emt 0:00:53] White must now prevent ...d2+.} 50. Kb1 Rc2 51. Rd4 Rxc5 52. Nf2 Rxh5 {[%emt 0:02:44] Hoping for ...c5.} 53. Nxd3 Bxd3+ (53... Rh3 $19 54. Rd5 c6 55. Rd7+ Kg8 56. Rd8+ Kf7 57. Ne5+ Ke6) 54. Rxd3 {[%emt 0:00:18] KR-KR} Rc5 55. Kb2 (55. g4 $1 $15) 55... Kg6 $17 56. Kb3 Kf5 (56... h5 $19 {...c6 is the strong threat.} 57. Kb4 Rg5) 57. Rd7 $2 (57. Rd4 $17) 57... h5 (57... Kg4 $142 58. Rg7+ Rg5 59. Rxc7 h5) 58. Rg7 $19 Ke4 (58... c6 $17 {And now ...Re5 would win.} 59. Rg8 Kf6) 59. Kb4 Rc1 60. Rg5 Kf3 {[%emt 0:00:55] Weighted Error Value: White=0.40/Black=0.49} 1/2-1/2

[Event "Italian-ch Teams-B 2022"]
[Site "Montesilvano"]
[Date "2022.04.23"]
[Round "7.3"]
[White "Bernadskiy, Vitaliy"]
[Black "D'Amore, Carlo"]
[Result "1-0"]
[ECO "A28"]
[WhiteElo "2615"]
[BlackElo "2406"]
[Annotator "TA"]
[PlyCount "87"]
[EventDate "2022.04.19"]
[EventType "team-tourn"]
[EventCountry "ITA"]
[SourceTitle "playchess.com"]
[Source "ChessBase"]
[SourceQuality "1"]
[TimeControl "40/5400+30:1800+30"]

1. c4 e5 2. Nc3 Nf6 3. Nf3 Nc6 4. a3 g6 5. d4 exd4 6. Nxd4 Bg7 {[%emt 0:00:08] A28: English Opening: Four Knights Variation.} 7. Bg5 h6 8. Bh4 {[%emt 0:00:15] [#]} g5 $146 {[%emt 0:01:15] [#] The position is equal.} ({Predecessor:} 8... O-O 9. e3 Nxd4 10. Qxd4 g5 11. Bg3 d5 12. O-O-O Be6 13. Qc5 c6 14. cxd5 cxd5 {½-½ (56) Pantsulaia,L (2606)-Chibukhchian,A (2446) Yerevan 2014}) 9. Nf5 Bf8 {[%emt 0:03:28] ...d6 is the strong threat.} 10. Bg3 d6 11. Qc2 Nh5 12. e3 Nxg3 (12... Bxf5 $11 13. Qxf5 Bg7) 13. hxg3 (13. Nxg3 $16 Bg7 14. Nh5) 13... Bxf5 $14 14. Qxf5 Bg7 15. Qc2 Qd7 16. Bd3 Ne5 (16... Bxc3+ $11 17. Qxc3 O-O-O) 17. Bf5 $16 Qc6 18. b3 d5 (18... Kf8 $16 {was necessary.}) 19. Nxd5 $18 Qd6 (19... Rd8 $142 20. Rc1 Qd6) 20. Rd1 Kf8 21. c5 Qa6 22. f4 gxf4 23. gxf4 Nc6 24. Kf2 {[%emt 0:01:16] Active counter play!} Qxa3 25. Nxc7 Rd8 26. Rxd8+ Nxd8 27. Qe4 {[%emt 0:05:12][%csl Gc7][%cal Re4e8] [#]} Bf6 28. Nd5 {[%emt 0:00:40] aiming for Kf3.} Kg7 (28... Nc6 $142 29. Bd7 h5) 29. Rh3 h5 30. Kf3 Qa1 31. Kg3 Nc6 32. Kh2 {[%emt 0:00:15] Really sharp!} h4 {[%emt 0:03:15] Prevents Rg3+.} 33. Qf3 (33. b4 $18) 33... Kf8 $2 {[%emt 0:02:16] This costs Black the game.} (33... Bc3 $16) 34. Bc8 Bd8 35. Bxb7 Ba5 $2 (35... Ne7 36. Nxe7 Bxe7) 36. Bxc6 {[%emt 0:00:31] White is clearly winning.} Be1 37. Qf1 Bg3+ 38. Kg1 $1 Qa3 39. b4 a5 40. bxa5 Qxa5 41. Qc1 Rh6 42. Bb7 Rh5 43. Nf6 Rf5 44. Ne4 {[%emt 0:01:18] Weighted Error Value: White=0.23 (precise) /Black=0.40} 1-0

[Event "Italian-ch Teams-B 2022"]
[Site "Montesilvano"]
[Date "2022.04.23"]
[Round "7.3"]
[White "Bettalli, Francesco"]
[Black "Santagati, Alessandro"]
[Result "1-0"]
[ECO "B13"]
[WhiteElo "2287"]
[BlackElo "2301"]
[Annotator "TA"]
[PlyCount "63"]
[EventDate "2022.04.19"]
[EventType "team-tourn"]
[EventCountry "ITA"]
[SourceTitle "playchess.com"]
[Source "ChessBase"]
[SourceQuality "1"]
[TimeControl "40/5400+30:1800+30"]

1. e4 c6 2. d4 d5 3. exd5 cxd5 4. Bd3 Nc6 5. c3 Nf6 6. Bf4 Bg4 7. Qb3 Qd7 8. Nd2 e6 9. Ngf3 Bd6 10. Bxd6 Qxd6 11. O-O {[%emt 0:00:07] B13: Caro-Kann: Exchange Variation and Panov-Botvinnik Attack.} O-O 12. Rae1 Ne7 13. Ne5 {[%emt 0:00:06] The position is equal.} (13. Qxb7 Rfb8 14. Qa6 Qxa6 15. Bxa6 Rxb2 $17) 13... Bf5 14. Bxf5 ({Don't blunder} 14. Qxb7 $2 Bxd3 15. Nxd3 Rfb8 16. Qxa8 Rxa8 $19) 14... Nxf5 15. g4 Ne7 16. f4 ({Don't go for} 16. Qxb7 $2 Rfb8 17. Ndc4 dxc4 $19) 16... Rab8 17. Qb5 a6 18. Qd3 b5 19. a3 {[%emt 0:02:31] Inhibits b4.} a5 {[%emt 0:01:09] [#]} 20. Re3 $146 ({Predecessor:} 20. f5 exf5 21. gxf5 b4 22. cxb4 axb4 23. a4 Ra8 24. Re2 Rxa4 25. Rg2 Ra7 26. Qg3 {1-0 (65) Kotronias,V (2505)-Olsen,F (2354) Aarhus 2018}) 20... b4 21. axb4 axb4 22. Rh3 g6 (22... bxc3 $142 23. bxc3 Ng6) 23. Qg3 $11 bxc3 24. bxc3 Kg7 $1 25. Qh4 (25. f5 $5 exf5 26. gxf5 $16 (26. Qh4 Qe6 $11)) 25... Neg8 {[%emt 0:09:24] Inhibits Qh6+.} 26. f5 exf5 27. gxf5 Rb2 (27... h6 $11 {keeps the balance.}) 28. Rf2 $40 {[%emt 0:06:32][%mdl 128] Black needs to defend precisely. &Bianco is more active.} ({Better is} 28. Ndf3 $16) 28... Ra8 $2 (28... Rc2 $11) 29. fxg6 $18 {[%emt 0:02:07][%cal Rh4h7] [#] White wants to mate with Qxh7+!} Ra1+ 30. Kg2 {[%emt 0:00:12] White mates.} Rxd2 31. gxh7 Rxf2+ 32. Qxf2 {[%emt 0:00:03] Weighted Error Value: White=0.10 (very precise) /Black=0.33} 1-0

[Event "Italian-ch Teams-B 2022"]
[Site "Montesilvano"]
[Date "2022.04.23"]
[Round "7.3"]
[White "Simoli, Sergio"]
[Black "Lanzani, Mario"]
[Result "0-1"]
[ECO "B57"]
[WhiteElo "2262"]
[BlackElo "2266"]
[Annotator "TA"]
[PlyCount "96"]
[EventDate "2022.04.19"]
[EventType "team-tourn"]
[EventCountry "ITA"]
[SourceTitle "playchess.com"]
[Source "ChessBase"]
[SourceQuality "1"]
[TimeControl "40/5400+30:1800+30"]

1. e4 c5 2. Nf3 d6 3. d4 cxd4 4. Nxd4 Nf6 5. Nc3 Nc6 6. Bc4 Bd7 7. Be3 Ng4 $1 {[%emt 0:04:49] The main line 7...Ng4 scores better than 7...g6.} 8. Nxc6 bxc6 9. Bc1 {[%emt 0:00:17] B57: Classical Sicilian: Sozin with 6...Qb6.} g6 10. h3 ({Of course not} 10. Qf3 Ne5 11. Qe2 Nxc4 12. Qxc4 Bg7 $15) 10... Nf6 {[%emt 0:02:27] [#]} 11. Qe2 $146 {[%emt 0:02:59] White has an edge.} ({Predecessor:} 11. O-O Bg7 12. Be3 O-O 13. Qd2 Qc7 14. Bh6 Rab8 15. Bxg7 Kxg7 16. b3 Rbd8 17. Rad1 Bc8 18. Rfe1 e5 19. f4 Nh5 20. fxe5 dxe5 21. Qf2 Qe7 22. Ne2 Nf6 23. Ng3 c5 {½-½ (23) Harikrishnan,A (2401)-Berdayes Ason,D (2461) Sitges 2019}) 11... Bg7 12. Bb3 O-O 13. O-O a5 14. a4 (14. Re1 $142) 14... Bc8 $11 15. Rd1 Ba6 16. Qe1 (16. Bc4 $11 {was preferrable.} Bxc4 17. Qxc4) 16... Nd7 $15 17. Be3 Qb8 18. Rab1 Qb4 19. f3 (19. Bg5 $15 Rae8 20. Na2 Qxe1+ 21. Rxe1) 19... Nc5 $17 20. Bxc5 (20. Ba2 $142) 20... Qxc5+ 21. Kh1 Bd4 22. Ne2 Bf2 {[%emt 0:02:28] This bishop pair is nice.} 23. Qd2 Be3 24. Qe1 Rab8 25. Nc1 Qg5 26. Nd3 Bb6 ({Better is} 26... Bxd3 $17 27. Rxd3 Bf4) 27. c4 Bd4 $36 {[%emt 0:02:48][%mdl 2048] Black is on the roll.} 28. Ba2 c5 {[%emt 0:04:43] Against b4. ...Bc8 is the strong threat. Black is much more active.} 29. f4 $2 {[%emt 0:06:57] [#] Loses the game.} (29. Qxa5 $15 Bc8 30. Qd2) 29... Qh6 30. Qg3 (30. b4 $142) 30... Bb7 $19 31. Re1 Kh8 32. Qg5 Qxg5 33. fxg5 Kg7 34. Re2 h6 35. gxh6+ Kxh6 36. Rf1 (36. e5 $142) 36... e5 37. Bb1 (37. Rf6 {was called for.}) 37... Bc6 38. Rf6 Rbd8 {[%emt 0:00:40] Hoping for ...Kg7.} 39. b3 Kg7 40. Rf1 (40. Rf3 {only move.}) 40... f5 41. Ne1 $2 (41. exf5 Rxf5 42. Ree1) 41... fxe4 42. Rxf8 Rxf8 43. Bxe4 Bxe4 44. Rxe4 {[%emt 0:00:00] KRB-KRN} Rf2 {[%emt 0:00:48] [#] White must now prevent ...Rf1+.} 45. Nf3 Rb2 46. Rg4 Rxb3 {[%emt 0:02:02] Black is clearly winning.} 47. h4 Kf6 48. Kh2 Be3 {[%emt 0:03:27] Inhibits Nd2.  Weighted Error Value: White=0.50/Black=0.23 (precise)} 0-1